 Dungeon Crawl Stone Soup version 0.19-a0-1907-gcff654f (webtiles) character file.

8398 LORDOFBUTT the Cleaver (level 11, -3/97 HPs)
             Began as a Minotaur Fighter on Oct 21, 2016.
             Was an Initiate of Gozag.
             Slain by a yak (14 damage)
             ... on level 10 of the Dungeon.
             The game lasted 00:16:11 (10231 turns).

LORDOFBUTT the Cleaver (Minotaur Fighter)          Turns: 10231, Time: 00:16:12

Health: -3/97      AC:  9    Str: 23    XL:     11   Next: 9%
Magic:  13/13      EV: 10    Int:  8    God:    Gozag
Gold:   884        SH: 12    Dex: 11    Spells: 0 memorised, 10 levels left

rFire  x . .     SeeInvis .     u - +2 hand axe (freeze)
rCold  + . .     Gourm    .     b - +0 scale mail
rNeg   . . .     Faith    .     c - +0 shield
rPois  .         Spirit   .     J - +1 hat {Int+3}
rElec  .         Reflect  .     (no cloak)
rCorr  .         Harm     .     (no gloves)
MR     .....                    (no boots)
Stlth  ..........               (no amulet)
                                K - ring of ice
                                n - ring of loudness (curse)

@: no status effects
A: retaliatory headbutt, horns 2, sturdy frame 1
a: Potion Petition, Call Merchant, Bribe Branch, Renounce Religion


You were on level 10 of the Dungeon.
You worshipped Gozag.
Gozag was pleased with you.
You were not hungry.

You visited 2 branches of the dungeon, and saw 11 of its levels.
You also visited: Sewer and Bailey.

You collected 1668 gold pieces.
You spent 168 gold pieces at shops.
You paid 616 gold pieces to Gozag.

Inventory:

Hand Weapons
 u - a +2 hand axe of freezing (weapon)
Missiles
 B - 67 tomahawks of returning (quivered)
Armour
 b - a +0 scale mail (worn)
 c - a +0 shield (worn)
 J - a +1 hat of intelligence (worn)
Jewellery
 n - a cursed ring of loudness (left hand)
 K - a ring of ice (right hand)
Wands
 x - a wand of enslavement (24/24)
 C - a wand of slowing (11/48)
Scrolls
 g - a scroll of identify
 l - 4 scrolls of teleportation
 m - 2 scrolls of blinking
 p - a scroll of recharging
 r - a scroll of magic mapping
 I - a scroll of remove curse {unknown}
Potions
 a - a potion of invisibility
 d - a potion of might
 e - 7 potions of curing
 f - 5 potions of lignification
 i - a potion of resistance
 j - 4 potions of heal wounds
 k - 2 potions of cure mutation
 o - a potion of ambrosia
 q - a potion of cancellation
 v - 3 potions of mutation
 w - a potion of haste
 A - 7 potions of magic
Books
 z - a book of Necromancy

   Spells                             Type                      Level
   a - Pain                           Necromancy                   1
   b - Animate Skeleton               Necromancy                   1
   c - Vampiric Draining              Necromancy                   3
   d - Regeneration                   Charms/Necromancy            3
   e - Animate Dead                   Necromancy                   4
   f - Control Undead                 Necromancy                   4
Comestibles
 h - a meat ration
 E - 10 royal jellies
 F - a fruit


   Skills:
 + Level 9.1 Fighting
 * Level 12.5 Axes
 + Level 9.7 Armour
 - Level 1.2 Dodging
 + Level 9.5 Shields
 + Level 4.3 Evocations


You had 10 spell levels left.
You didn't know any spells.

Dungeon Overview and Level Annotations

Branches:
Dungeon (10/15)            Temple (1/1) D:5
   Lair: D:8-11         Orc: D:9-12

Altars:
Ashenzari
Dithmenos
Elyvilon
Fedhas
Gozag
Hepliaklqana
Kikubaaqudgha
Qazlal
Ru
Vehumet
Xom
Yredelemnul
Zin
The Shining One

Shops:
D:5 %   D:10 (

Annotations:
D:6 exclusion: oklob plant


Innate Abilities, Weirdness & Mutations

You reflexively headbutt those who attack you in melee.
You have a pair of horns on your head.
Your movements are slightly less encumbered by armour. (ER -2)


Message History

The yak gores you!
* * * LOW HITPOINT WARNING * * *
You hit the yak. You freeze the yak.
The yak is moderately wounded.
The yak closely misses you.
The yak is distracted by the nearby gold.
The yak is no longer distracted by gold.
The yak gores you!
* * * LOW HITPOINT WARNING * * *
The yak is distracted by the nearby gold.
You hit the yak but do no damage. Your headbutt misses the yak.
The yak is moderately wounded.
You hit the yak. You freeze the yak. You headbutt the yak.
The yak is moderately wounded.
You block the yak's attack.
You barely miss the yak.
The yak is moderately wounded.
The yak gores you!
You die...
Your body crumbles into a pile of gold.

#.$.. ..# #.... #.#
#.... #.##+####....
#............ $
#........Y...
#............
#.#########............
#.....@YY..............
#########+##...........
#....>......
############


You could see 2 yaks.

Vanquished Creatures
  Gastronok (D:9)
  Pikel (D:7)
  A hornet (D:8)
  Grum (D:9)
  3 yaks (D:10)
  A steam dragon (D:10)
  3 hungry ghosts (D:8)
  A soldier ant (D:8)
  2 ice beasts
  2 orc warriors
  A black bear (D:6)
  3 sky beasts
  4 slaves (D:7)
  A phantom (D:5)
  4 wolves (D:9)
  The ghost of scalarboson the Slasher, an amateur DsMo (D:4)
  4 ogres
  5 centaurs
  6 bullfrogs
  A wyvern skeleton (D:8)
  A water moccasin zombie (D:8)
  4 scorpions
  A killer bee (D:7)
  A howler monkey (D:9)
  5 wights (D:8)
  4 crimson imps
  3 hounds
  8 jellies
  3 orc priests
  2 centaur skeletons
  A gnoll shaman (D:4)
  4 iguanas
  6 orc wizards
  10 worker ants
  2 hound zombies (D:10)
  A hound skeleton (D:7)
  3 worker ant zombies
  11 adders
  19 gnolls
  5 river rats (Sewer)
  5 shadow imps
  19 oozes
  A worm (D:4)
  A dart slug (D:1)
  5 leopard geckos
  24 orcs
  3 ball pythons
  A bat skeleton (D:9)
  4 bat zombies (D:9)
  5 giant cockroaches
  3 goblins
  17 hobgoblins
  8 jackals
  19 kobolds
  2 quokkas
  7 bats
  11 frilled lizards
  A leopard gecko skeleton (D:4)
  A quokka skeleton (D:4)
  2 quokka zombies
  23 rats
302 creatures vanquished.

Vanquished Creatures (collateral kills)
  A bullfrog skeleton (D:9)
  A gnoll (Bailey)
  A kobold (Bailey)
3 creatures vanquished.

Vanquished Creatures (others)
  3 fungi (D:6)
  A plant (D:2)
4 creatures vanquished.

Grand Total: 309 creatures vanquished

Notes
Turn   | Place    | Note
-------+----------+-------------------------------------------
     0 | D:1      | LORDOFBUTT the Minotaur Fighter began the quest for the Orb.
     0 | D:1      | Reached XP level 1. HP: 19/19 MP: 0/0
   448 | D:1      | Reached XP level 2. HP: 24/27 MP: 1/1
   834 | D:2      | Reached skill level 3 in Axes
   970 | D:2      | Reached XP level 3. HP: 23/33 MP: 2/2
  1468 | D:2      | Reached XP level 4. HP: 40/40 MP: 3/3
  1551 | D:3      | Reached skill level 4 in Axes
  1849 | D:3      | Found a glowing drain.
  1864 | Sewer    | Entered a sewer
  1985 | Sewer    | Reached XP level 5. HP: 30/46 MP: 4/4
  2091 | Sewer    | Reached skill level 5 in Axes
  2441 | D:4      | Noticed an ogre
  2448 | D:4      | Killed an ogre
  2448 | D:4      | Reached skill level 1 in Dodging
  2448 | D:4      | Reached XP level 6. HP: 23/52 MP: 5/5
  2471 | D:4      | Found a shadowy altar of Dithmenos.
  2491 | D:4      | Noticed scalarboson's ghost (amateur DsMo)
  2497 | D:4      | Killed scalarboson's ghost
  2497 | D:4      | Reached skill level 6 in Axes
  2497 | D:4      | Reached skill level 5 in Armour
  2497 | D:4      | Reached skill level 5 in Shields
  2984 | D:5      | Entered Level 5 of the Dungeon
  3012 | D:5      | Reached XP level 7. HP: 42/60 MP: 6/6
  3135 | D:5      | Found Gakouro's Food Shop.
  3225 | D:5      | Found a hazy altar of Hepliaklqana.
  3231 | D:5      | Reached skill level 5 in Fighting
  3341 | D:5      | Found a staircase to the Ecumenical Temple.
  3974 | D:5      | Reached skill level 7 in Axes
  4133 | Temple   | Entered the Ecumenical Temple
  4206 | Temple   | Gained mutation: Your movements are slightly less encumbered by armour. (ER -2) [potion of beneficial mutation]
  4241 | Temple   | Became a worshipper of Gozag Ym Sagoz the Greedy
  4304 | D:6      | Reached XP level 8. HP: 54/70 MP: 7/7
  4453 | D:6      | Reached skill level 8 in Axes
  4529 | D:6      | Noticed an oklob plant
  5033 | D:6      | Reached skill level 9 in Axes
  5631 | D:7      | Reached XP level 9. HP: 26/78 MP: 8/8
  5793 | D:7      | Noticed Pikel
  5820 | D:7      | Killed Pikel
  5820 | D:7      | Reached skill level 1 in Evocations
  5869 | D:7      | Found a flagged portal.
  5892 | Bailey   | Entered a bailey
  6050 | Bailey   | Reached skill level 10 in Axes
  7212 | D:5      | Bought a beef jerky for 19 gold pieces
  7212 | D:5      | Bought a beef jerky for 19 gold pieces
  7212 | D:5      | Bought a meat ration for 65 gold pieces
  7212 | D:5      | Bought a meat ration for 65 gold pieces
  7576 | D:8      | Reached skill level 11 in Axes
  7576 | D:8      | Reached XP level 10. HP: 40/88 MP: 9/11
  8664 | D:8      | Found a sacrificial altar of Ru.
  9129 | D:9      | Noticed Grum
  9148 | D:9      | Killed Grum
  9488 | D:9      | Noticed Gastronok
  9494 | D:9      | Found an ancient bone altar of Kikubaaqudgha.
  9508 | D:9      | Killed Gastronok
  9508 | D:9      | Reached skill level 12 in Axes
  9888 | D:10     | Entered Level 10 of the Dungeon
  9946 | D:10     | Reached XP level 11. HP: 42/97 MP: 13/13
 10079 | D:10     | Found a shimmering altar of Xom.
 10080 | D:10     | Found a shimmering altar of Xom.
 10087 | D:10     | Found a shimmering altar of Xom.
 10087 | D:10     | Found a shimmering altar of Xom.
 10091 | D:10     | Found a shimmering altar of Xom.
 10231 | D:10     | Slain by a yak

Vault maps used:
D:1:      minmay_arrival_jagged
D:2:      first_bread, lexackson_kobold_supper
D:3:      portal_sewer_entry_d
D:4:      lemuel_crystal_altar, serial_bayou_pond_b
D:5:      lemuel_doored_altar, serial_shops, nicolae_shop_stone
D:6:      lemuel_slime
D:7:      enter_bailey_1, uniq_pikel
D:8:      hangedman_pestilent_swarm, nicolae_ru_great_annihilating_truth
D:9:      kennysheep_vampire_church, uniq_grum, uniq_gastronok
D:10:     xom_shifter_show
Temple:   dpeg_five_rooms_temple
Sewer:    sewer_co_cracked_pipes
Bailey:   bailey_axe_2, bailey

Skill      XL: |  1  2  3  4  5  6  7  8  9 10 |
---------------+-------------------------------+-----
Armour         | 4 5 6 7 8 9 |  9.7
Shields        | 4 5 6 7 8 9 |  9.5
Axes           | 3 4 5 6 7 9 11 12 | 12.5
Fighting       | 4 5 6 7 9 |  9.1
Dodging        | 1 |  1.2
Evocations     | 2 4 |  4.3

Action                   |  1- 3 |  4- 6 |  7- 9 | 10-12 || total
-------------------------+-------+-------+-------+-------++-------
Melee: War axe           |    95 |   159 |   131 |       ||   385
       Headbutt          |    12 |    25 |    79 |    67 ||   183
       Hand axe          |       |       |   238 |   258 ||   496
Throw: Tomahawk          |       |       |       |     4 ||     4
Invok: Potion Petition   |       |       |       |     1 ||     1
       Call Merchant     |       |       |       |     1 ||     1
Evoke: Wand              |       |       |     1 |       ||     1
  Use: Potion            |       |     1 |     7 |     1 ||     9
       Scroll            |       |       |     9 |    15 ||    24
 Stab: Distracted        |       |       |     2 |       ||     2
       Invisible         |       |       |       |     2 ||     2
  Eat: Beef jerky        |     2 |       |     4 |     1 ||     7
       Bread ration      |       |     1 |     2 |       ||     3
       Meat ration       |       |       |     2 |       ||     2
       Fruit             |       |       |       |     5 ||     5
       Royal jelly       |       |       |       |     1 ||     1
Armor: Scale mail        |    42 |    56 |   124 |    58 ||   280
Dodge: Dodged            |    33 |    49 |   119 |    49 ||   250
Block: Shield            |    52 |    86 |   186 |   111 ||   435
